Map: Cerulean Fall LE

Players

Bly

  • Race: Zerg Zerg
  • League: Master
  • Spawn Location: 7:00

Trap - Winner!

  • Race: Protoss Protoss
  • League: Master
  • Spawn Location: 1:00

Event: HomeStory Cup XVIII

VOD

Have the link to the VOD?

Description

Time

  • Played on: Nov. 23, 2018, 7:49 a.m.
  • Length: 15:39

All games in this series

Show
View Real Time Build Order
Export as new Build Order

Bly Zerg 

Build Orders: Hatch First, Swarm Host 

Get SALT Encoding   

  12  0:01  Drone  
  13  0:13  Overlord  
  13  0:17  Drone  
  14  0:31  Drone x2  
  16  0:48  Hatchery  
  15  0:51  Drone  
  15  0:55  Drone  
  17  0:58  Drone  
  18  1:08  Drone  
  18  1:10  Extractor  
  18  1:18  Spawning Pool  
  17  1:21  Drone  
  18  1:29  Drone  
  19  1:39  Drone  
  20  1:50  Overlord  
  20  2:03  Drone x2  
  20  2:07  Queen x2  
  26  2:22  Hatchery  
  25  2:25  Drone  
  25  2:26  Drone  
  27  2:30  Drone  
  27  2:33  Drone  
  27  2:35  Drone  
  30  2:38  Zergling x2  
  30  2:42  Metabolic Boost  
  31  2:48  Overlord  
  31  2:53  Zergling x2  
  31  2:55  Queen  
  34  3:10  Zergling x4  
  34  3:12  Drone x2  
  38  3:17  Drone x5  
  38  3:18  Drone  
  44  3:23  Overlord  
  44  3:36  Overlord  
  44  3:39  Overlord x2  
  44  3:41  Queen  
  47  3:48  Drone x4  
  47  3:54  Queen, Overlord  
  53  4:02  Drone  
  53  4:03  Drone x4  
  53  4:06  Spore Crawler  
  53  4:09  Spore Crawler  
  55  4:16  Drone x6  
  61  4:22  Zergling x8  
  61  4:27  Zergling x2  
  61  4:28  Zergling x2  
  61  4:29  Zergling x2  
  60  4:34  Queen  
  58  4:44  Drone x3  
  60  4:50  Drone x4  
  60  4:51  Drone x2  
  66  4:54  Spore Crawler  
  66  4:55  Lair  
  65  5:03  Drone x3  
  67  5:08  Extractor  
  67  5:09  Extractor  
  67  5:12  Roach Warren  
  59  5:18  Drone  
  59  5:19  Drone x8  
  66  5:22  Overlord  
  64  5:43  Zergling x2  
  64  5:44  Zergling x12  
  66  5:58  Drone  
  66  5:59  Drone x9, Glial Reconstitution  
  73  6:07  Extractor  
  73  6:08  Drone x2  
  73  6:09  Infestation Pit  
  73  6:16  Overlord  
  73  6:19  Extractor  
  73  6:23  Roach x5  
  73  6:24  Roach  
  83  6:29  Hatchery  
  82  6:38  Roach  
  82  6:39  Roach x2  
  87  6:45  Drone x3  
  87  6:46  Drone x3  
  93  6:49  Extractor  
  93  6:52  Overlord  
  92  6:56  Overlord  
  92  7:00  Roach  
  92  7:01  Roach x2  
  97  7:03  Overlord  
  97  7:09  Overlord  
  97  7:17  Roach x8  
  97  7:19  Overlord x2  
  104  7:41  Drone x14  
  113  7:47  Drone  
  112  7:53  Overlord  
  112  7:56  Evolution Chamber  
  111  8:02  Swarm Host x5  
  111  8:05  Swarm Host  
  121  8:25  Roach x7  
  121  8:26  Roach  
  117  8:38  Roach x6  
  129  8:41  Zerg Missile Weapons Level 1  
  129  8:44  Drone x4  
  133  8:49  Ravager x3  
  133  8:50  Overseer, Ravager  
  133  8:51  Swarm Host x5  
  152  9:08  Spore Crawler  
  152  9:09  Drone x9  
  157  9:13  Overlord  
  157  9:20  Overlord x2  
  157  9:21  Overseer  
  149  9:32  Roach  
  149  9:33  Roach x9  
  162  9:39  Roach x4  
  168  9:52  Roach x9  
  180  9:54  Ravager x4  
  180  9:59  Roach  
  183  10:01  Extractor  
  183  10:02  Extractor  
  183  10:05  Overlord  
  183  10:06  Overlord  
  172  10:12  Hatchery  
  167  10:17  Swarm Host x4  
  173  10:32  Roach x9  
  171  10:44  Roach x7  
  175  10:58  Ravager x2  
  175  10:59  Drone x6  
  175  11:02  Hive  
  183  11:06  Spire  
  183  11:10  Roach x2  
  183  11:11  Overlord, Roach x4  
  194  11:15  Swarm Host x2  
  168  11:55  Roach x3  
  168  11:56  Roach x12  
  177  12:12  Roach  
  177  12:13  Roach x4  
  172  12:18  Greater Spire  
  163  12:34  Zerg Missile Weapons Level 2  
  163  12:43  Swarm Host x12  
  171  13:01  Roach x9  
  185  13:09  Roach x7  
  199  13:15  Spine Crawler  
  188  13:40  Roach x11  
  183  13:58  Drone x2  
  183  13:59  Drone x4  
  189  14:05  Roach x10  
  189  14:08  Roach x5  
  191  14:15  Swarm Host x6  
  194  14:20  Ravager  
  194  14:21  Extractor, Ravager x4  
  178  14:24  Extractor  
  178  14:28  Roach x8  
  183  14:33  Ravager  
  183  14:34  Ravager x2  
  183  14:35  Overseer  
  183  14:36  Ravager x4  
  183  14:37  Ravager x3  
  131  15:00  Swarm Host  
  131  15:01  Roach x11  
  131  15:05  Swarm Host  
  131  15:06  Roach  
  125  15:11  Roach  
  110  15:19  Roach  
  110  15:20  Roach x2  
Show
View Real Time Build Order
Export as new Build Order

Trap Protoss - Winner!

Build Orders: 1 Gate Expand, Oracle Opening, Archon Immortal, Archon Drop 

Get SALT Encoding   

  12  0:00  Probe  
  13  0:13  Probe  
  14  0:19  Pylon  
  14  0:25  Probe  
  15  0:33  Probe  
  15  0:41  Probe  
  16  0:44  Gateway  
  16  0:48  Assimilator  
  17  0:51  Probe  
  18  1:03  Probe  
  19  1:15  Probe  
  20  1:27  Nexus  
  20  1:37  Cybernetics Core  
  20  1:40  Probe  
  21  1:47  Assimilator  
  21  1:52  Probe  
  22  1:57  Pylon  
  22  2:04  Probe  
  22  2:06  Adept  
  25  2:16  Probe  
  25  2:20  Stargate  
  26  2:28  Probe, Warp Gate  
  27  2:35  Stalker  
  27  2:36  Probe x2  
  31  2:44  Probe  
  31  2:45  Probe  
  33  2:54  Probe  
  33  2:55  Oracle, Probe  
  38  3:07  Probe x2  
  38  3:10  Adept  
  42  3:16  Pylon  
  42  3:19  Probe  
  44  3:20  Probe  
  44  3:26  Oracle  
  44  3:28  Gateway  
  44  3:32  Probe x2  
  48  3:44  Probe x2  
  48  3:46  Assimilator  
  48  3:47  Pylon  
  50  3:54  Robotics Facility  
  50  3:56  Probe  
  50  3:58  Probe  
  52  4:05  Assimilator  
  52  4:08  Probe  
  53  4:10  Probe  
  54  4:18  Pylon  
  54  4:19  Pylon  
  54  4:20  Probe  
  54  4:22  Probe  
  53  4:32  Probe  
  53  4:34  Probe  
  55  4:39  Warp Prism  
  55  4:45  Zealot x2  
  55  4:50  Gateway x2  
  57  4:55  Twilight Council  
  57  5:05  Adept x2  
  59  5:23  Probe x2  
  59  5:24  Charge, Pylon  
  59  5:26  Forge  
  61  5:30  Gateway x2  
  61  5:35  Adept x2, Templar Archives  
  64  5:37  Probe x2  
  66  5:46  Protoss Ground Weapons Level 1  
  66  5:49  Probe x2  
  65  6:04  Probe x2  
  65  6:08  Gateway  
  65  6:10  Gateway  
  66  6:12  High Templar  
  66  6:13  High Templar  
  66  6:16  Nexus, High Templar x2  
  66  6:18  Pylon  
  74  6:19  Archon  
  74  6:20  Archon  
  74  6:24  Probe x2  
  76  6:27  Pylon, Observer  
  77  6:37  Shield Battery  
  77  6:38  Probe x2  
  77  6:39  Zealot  
  81  6:40  Zealot  
  83  6:49  Zealot x4  
  83  6:50  Immortal  
  91  6:58  Probe x2  
  95  7:18  Pylon  
  95  7:20  Zealot x3, Immortal  
  101  7:25  Probe, Robotics Facility  
  101  7:28  Probe  
  102  7:35  Protoss Ground Weapons Level 2  
  102  7:36  Probe  
  100  7:38  Probe  
  100  7:40  Probe  
  100  7:48  High Templar x3, Probe  
  100  7:49  High Templar, Zealot x2  
  103  7:53  Archon x2, Immortal  
  103  7:55  Assimilator x2  
  107  8:08  Pylon  
  107  8:10  Zealot x2  
  111  8:13  Probe x3  
  111  8:18  Immortal  
  114  8:26  Probe x3  
  109  8:27  Immortal  
  109  8:37  Photon Cannon  
  109  8:39  Photon Cannon  
  109  8:41  Photon Cannon  
  109  8:43  Pylon  
  109  8:46  Sentry x2  
  109  8:47  Zealot x2  
  117  8:57  Immortal  
  117  9:01  Immortal  
  121  9:07  Psionic Storm  
  121  9:14  Gateway  
  121  9:16  Gateway  
  121  9:19  Pylon  
  121  9:22  Phoenix  
  123  9:29  Zealot x4  
  131  9:37  Probe x3  
  131  9:38  Immortal  
  121  9:41  Immortal  
  129  9:59  Zealot x3  
  135  10:03  Zealot x2  
  139  10:11  Probe x3  
  142  10:17  Pylon  
  142  10:19  Pylon  
  136  10:32  Immortal  
  136  10:34  High Templar x4  
  142  10:36  Immortal  
  142  10:40  High Templar  
  142  10:41  High Templar  
  142  10:42  Protoss Ground Weapons Level 3  
  140  11:01  Shield Battery x2  
  140  11:05  Immortal  
  140  11:06  Zealot x4  
  148  11:13  Observer  
  153  11:20  Pylon  
  153  11:21  Pylon  
  153  11:24  Pylon, Forge  
  153  11:32  Zealot x3  
  157  11:33  Zealot x3  
  161  11:44  Immortal  
  161  11:45  Zealot x2, Immortal  
  158  11:56  Probe x2  
  158  11:57  Probe  
  160  12:14  Immortal x2  
  154  12:20  High Templar  
  154  12:21  High Templar x3, Zealot x4  
  168  12:24  Photon Cannon  
  168  12:25  Photon Cannon  
  168  12:26  Archon x2  
  176  12:34  Pylon  
  173  12:44  Phoenix  
  173  12:47  Zealot x3  
  181  12:56  Protoss Shields Level 1  
  181  12:57  Pylon  
  181  13:05  Nexus  
  175  13:07  Fleet Beacon  
  175  13:10  Observer  
  175  13:11  Immortal  
  180  13:15  Protoss Ground Armor Level 1  
  180  13:16  High Templar  
  180  13:17  High Templar  
  184  13:30  Probe x3  
  176  13:42  Probe x3  
  176  13:44  Photon Cannon x2  
  170  13:57  High Templar x4  
  170  13:58  Zealot x4  
  184  14:18  Immortal x2  
  188  14:26  High Templar x2, Zealot x2  
  188  14:30  Zealot x3  
  200  14:31  Archon  
  173  15:07  Zealot x2  
  173  15:08  Zealot x6  
Tags
 
Add a new tag
Caveats
  • Supply blocks, unpowered buildings, or Contaminate may cause inaccurate times.
  • Supply counts are checked every 10 seconds.